 Dungeon Crawl Stone Soup version 0.19.5 (webtiles) character file.

32928 NullDivider the Spry (level 13, -2/64 HPs)
             Began as a Felid Monk on Apr 23, 2017.
             Was the Champion of Dithmenos.
             Slain by a vault guard
             ... wielding a +1 long sword of electrocution
              (18 damage)
             ... on level 13 of the Dungeon on Apr 24, 2017.
             The game lasted 02:51:44 (25699 turns).

NullDivider the Spry (Felid Monk)                  Turns: 25699, Time: 02:51:45

Health: -2/64      AC:  5    Str:  5 (7)  XL:     13   Next: 34%
Magic:  14/14      EV: 37    Int: 10 (11) God:    Dithmenos [******]
Gold:   1341       SH:  0    Dex: 22 (24) Spells: 0 memorised, 12 levels left
                                        Lives:  0   Deaths: 4

rFire  + . .     SeeInvis +       - Unarmed
rCold  + . .     Gourm    .     (armour unavailable)
rNeg   . . .     Faith    .     (shield unavailable)
rPois  .         Spirit   .     (helmet unavailable)
rElec  .         Reflect  .     (cloak unavailable)
rCorr  .         Harm     .     (gloves unavailable)
MR     +....                    (boots unavailable)
Stlth  ++++++++++               F - amulet of rage
                                t - +6 ring of slaying
                                o - ring of protection from fire

@: wreathed by umbra, quick
A: no armour, no weapons or thrown items, stealth, claws 1, fangs 3, icy blue
scales 1, see invisible, carnivore 3, deterioration 1, speed 1, shaggy fur 3,
slow metabolism 1, wild magic 1, sharp paws
a: Shadow Step, Shadow Form, Renounce Religion, Evoke Berserk Rage


You were on level 13 of the Dungeon.
You worshipped Dithmenos.
Dithmenos was exalted by your worship.
You were very full.

You visited 3 branches of the dungeon, and saw 20 of its levels.
You also visited: Ossuary.

You collected 1341 gold pieces.

Inventory:

Jewellery
 b - an uncursed ring of positive energy
 c - an uncursed ring of flight
 i - an uncursed amulet of regeneration
 o - a ring of protection from fire (left paw)
 t - a +6 ring of slaying (right paw)
 F - an amulet of rage (around neck)
Wands
 a - a wand of teleportation (3/9)
 r - a wand of iceblast (2/15)
 v - a wand of slowing (29/48)
 y - a wand of random effects (15/48)
 C - a wand of iceblast (5/15)
 D - a wand of slowing (35/48)
Scrolls
 d - 12 scrolls of remove curse
 e - 9 scrolls of identify
 g - a scroll of recharging
 k - 4 scrolls of teleportation
 m - a scroll of holy word
 p - a scroll of fear {unknown}
 s - 2 scrolls of fog
 u - a scroll of magic mapping
 A - a scroll of amnesia
 B - a scroll of noise {unknown}
Potions
 f - 4 potions of brilliance
 j - a potion of invisibility
 q - a potion of cure mutation
 w - 2 potions of flight
 E - a potion of cancellation
Books
 h - a book of Enchantments

   Spells                             Type                      Level
   a - Cause Fear                     Hexes                        4
   b - Yara's Violent Unravelling     Hexes/Transmutation          5
   c - Silence                        Hexes/Air                    5
   d - Deflect Missiles               Charms/Air                   6
   e - Discord                        Hexes                        8
Comestibles
 l - a beef jerky
 n - 11 royal jellies
 x - 4 meat rations
 z - 3 slices of pizza


   Skills:
 + Level 12.2 Fighting
 * Level 20.1 Dodging
 + Level 16.2 Stealth
 + Level 12.1 Unarmed Combat


You had 12 spell levels left.
You didn't know any spells.

Dungeon Overview and Level Annotations

Branches:
Dungeon (13/15)            Temple (1/1) D:6            Lair (6/6) D:11
 Shoals (0/4) Lair:4        Snake (0/4) Lair:3        Slime (0/5) Lair:5
    Orc (0/2) D:12         Vaults (0/5) D:13

Altars:
Ashenzari
Cheibriados
Dithmenos
Elyvilon
Fedhas
Gozag
Hepliaklqana
Kikubaaqudgha
Makhleb
Nemelex Xobeh
Okawaru
Qazlal
Ru
Sif Muna
Trog
Uskayaw
Vehumet
Xom
Yredelemnul
Zin
The Shining One
Beogh
Jiyva

Shops:
D:4 *   D:9 (

Annotations:
D:4 Eustachio; McKennaii's ghost, amateur HEAE
D:10 EvilAshe's ghost, novice TrTm
D:13 exclusion: orange crystal statue
Lair:5 exclusion: 2 oklob plants, Rupert


Innate Abilities, Weirdness & Mutations

You cannot wear armour.
You are incapable of wielding weapons or throwing items.
Your paws allow you to move quietly. (Stealth)
You have sharp claws.
You have razor-sharp teeth.
You have supernaturally acute eyesight. (SInv)
You are carnivorous and can eat meat at any time.
You cover ground quickly.
Your thick and shaggy fur keeps you warm. (AC +3, rC+)
You have a slow metabolism.
Your sharp claws are effective at attacking unaware monsters.
You are partially covered in icy blue scales. (AC +2)
Your body sometimes deteriorates upon taking damage.
Your spells are a little harder to cast, but a little more powerful.


Message History

The vault guard hits you with a long sword of electrocution!
You emit a cloud of dark smoke.
You are electrocuted!
Your body deteriorates!
You feel clumsy.
You scratch the vault guard.
The vault guard is lightly wounded.
Your shadow barely misses the vault guard.
The vault guard barely misses you. x2
The vault guard blocks your attack.
Your claw misses the vault guard.
The vault guard is lightly wounded.
Your shadow hits the vault guard but does no damage.
The vault guard blocks your attack.
The vault guard is lightly wounded.
The vault guard closely misses you.
The vault guard hits you with a long sword of electrocution!
You are electrocuted!
* * * LOW HITPOINT WARNING * * *
The vault guard blocks your attack.
The vault guard is lightly wounded.
The vault guard hits you with a long sword of electrocution!!
You die...

##+##........####....$..
# #................... #
#................... #
#.....###p.####+####
#####..####.#..#
.......#....#..#
.......#....#..#
.......'....#§p#########
.......#....#.pp@§§.....
#......#....#.##########
##[....#....#)#
##....######.#
.##..........#
8..##.........#
....#.........#
..............#
#.............#


You could see 3 vault guards.

Vanquished Creatures
  2 hydras
  11 death yaks
  Urug (Lair:5)
  2 unseen horrors
  4 skeletal warriors
  A hill giant (D:11)
  A necromancer (Lair:4)
  A deep elf mage (D:13)
  A cyclops (D:12)
  2 manticores (Lair:5)
  13 elephants
  Maurice (D:11)
  12 spiny frogs
  7 black mambas
  2 torpor snails
  7 komodo dragons
  A rime drake (Lair:4)
  2 queen bees
  5 polar bears
  3 hornets (Lair:6)
  3 slime creatures (D:13)
  2 meliai (Lair:5)
  2 two-headed ogres
  3 dream sheep (Lair:6)
  16 blink frogs
  8 hippogriffs
  Sigmund (D:4)
  A redback (Lair:6)
  A shadow (D:11)
  7 wyverns
  2 wraiths (D:12)
  9 basilisks
  14 spriggans
  A steam dragon (Lair:2)
  46 yaks
  3 hungry ghosts
  Edmund (D:6)
  A soldier ant (D:11)
  Duvessa (D:5)
  19 water moccasins
  2 orc warriors (D:11)
  11 porcupines
  A sky beast (D:12)
  6 black bears
  2 phantoms
  31 wolves
  4 ice beasts
  2 necrophages
  6 ogres
  3 boggarts (Lair:6)
  7 centaurs
  2 big kobolds (D:7)
  22 crocodiles
  18 bullfrogs
  Dowan (D:5)
  A scorpion (D:10)
  60 killer bees
  8 wights
  5 howler monkeys
  2 electric eels (Lair:6)
  3 crimson imps
  3 centaur zombies
  7 hounds
  A quasit (D:11)
  7 bullfrog zombies
  5 orc priests
  2 centaur skeletons
  2 jellies
  Crazy Yiuf (D:5)
  12 mummies (Ossuary)
  4 orc wizards
  3 bullfrog skeletons
  7 iguanas
  2 polar bear simulacra (Lair:4)
  7 worker ants
  A hell rat (Lair:5)
  2 yak simulacra (Lair:4)
  2 wolf simulacra (Lair:4)
  5 hound zombies
  3 hound skeletons
  4 worker ant zombies
  A howler monkey zombie (Ossuary)
  8 gnolls
  17 adders
  A river rat (D:11)
  8 shadow imps
  An adder zombie (Ossuary)
  4 worms
  A dart slug (D:3)
  5 leopard geckos
  29 orcs
  A ball python (D:5)
  7 giant cockroaches
  11 hobgoblins
  10 jackals
  13 kobolds
  2 quokkas (D:3)
  9 bats
  4 frilled lizards
  2 giant cockroach zombies (Ossuary)
  10 goblins
  A jackal skeleton (D:4)
  A leopard gecko skeleton (D:3)
  A quokka zombie (D:5)
  14 rats
  3 river rat simulacra (Lair:4)
  2 withered plants (Ossuary)
663 creatures vanquished.

Vanquished Creatures (others)
  3 gnolls (D:5)
  3 bushes (Lair:6)
  36 fungi
  11 plants
  A withered plant (Ossuary)
54 creatures vanquished.

Grand Total: 717 creatures vanquished

Notes
Turn   | Place    | Note
-------+----------+-------------------------------------------
     0 | D:1      | NullDivider the Felid Monk began the quest for the Orb.
     0 | D:1      | Reached XP level 1. HP: 10/10 MP: 2/2
   200 | D:1      | Reached XP level 2. HP: 14/14 MP: 3/3
   892 | D:1      | Reached XP level 3. HP: 14/17 MP: 4/4
  1234 | D:2      | Reached skill level 5 in Dodging
  2028 | D:3      | Reached XP level 4. HP: 21/21 MP: 5/5
  3467 | D:4      | Noticed McKennaii's ghost (amateur HEAE)
  3518 | D:4      | Reached skill level 6 in Dodging
  3518 | D:4      | Reached XP level 5. HP: 16/24 MP: 6/6
  3625 | D:4      | Found Pyats's Assorted Antiques.
  3722 | D:4      | Noticed Sigmund
  3728 | D:4      | Killed Sigmund
  3728 | D:4      | Gained mutation: You are covered in thick fur. (AC +2) [Felid growth]
  3728 | D:4      | Reached XP level 6. HP: 22/28 MP: 7/7
  3779 | D:4      | Found a sand-covered staircase.
  3784 | Ossuary  | Entered an ossuary
  3802 | Ossuary  | Reached skill level 5 in Stealth
  3823 | Ossuary  | Reached skill level 7 in Dodging
  3826 | Ossuary  | Mangled by a mummy
  3827 | Ossuary  | Reached XP level 5. HP: -7/25 MP: 6/6
  3875 | Ossuary  | Reached XP level 6. HP: 24/29 MP: 7/7
  4523 | Ossuary  | Reached XP level 7. HP: 33/33 MP: 8/8
  4554 | Ossuary  | Reached skill level 8 in Dodging
  5292 | D:4      | Reached skill level 5 in Unarmed Combat
  5513 | D:4      | Reached skill level 5 in Fighting
  5742 | D:5      | Entered Level 5 of the Dungeon
  5791 | D:5      | Noticed Duvessa
  5791 | D:5      | Noticed Dowan
  5811 | D:5      | Killed Duvessa
  5826 | D:5      | Killed Dowan
  5826 | D:5      | Reached skill level 9 in Dodging
  6011 | D:5      | Noticed Eustachio
  6045 | D:5      | Reached XP level 8. HP: 23/37 MP: 9/9
  7510 | D:5      | Found a runed door.
  7656 | D:4      | Slain by Eustachio
  7657 | D:4      | Reached XP level 7. HP: 0/33 MP: 8/8
  7860 | D:5      | Noticed Crazy Yiuf
  7872 | D:5      | Killed Crazy Yiuf
  8026 | D:6      | Reached skill level 10 in Dodging
  8076 | D:6      | Noticed Edmund
  8083 | D:6      | Killed Edmund
  8206 | D:6      | Reached XP level 8. HP: 31/38 MP: 9/9
  8497 | D:6      | Found a staircase to the Ecumenical Temple.
  8517 | Temple   | Entered the Ecumenical Temple
  8556 | Temple   | Became a worshipper of Dithmenos the Shadowed
  8556 | Temple   | Reached * piety under Dithmenos
  8556 | Temple   | Reached ** piety under Dithmenos
  9317 | D:7      | Reached skill level 11 in Dodging
  9959 | D:7      | Reached XP level 9. HP: 36/42 MP: 10/10
 10047 | D:7      | Gained mutation: Your magical capacity is low. (-10% MP) [potion of mutation]
 10047 | D:7      | Gained mutation: You are clumsy. (Dex -2) [potion of mutation]
 10047 | D:7      | Lost mutation: Your magical capacity is low. (-10% MP) [potion of mutation]
 10056 | D:7      | Lost mutation: You are clumsy. (Dex -2) [potion of cure mutation]
 10057 | D:7      | Gained mutation: Your body sometimes deteriorates upon taking damage. [potion of mutation]
 10057 | D:7      | Gained mutation: Your spells are a little harder to cast, but a little more powerful. [potion of mutation]
 10057 | D:7      | Gained mutation: You are partially covered in icy blue scales. (AC +2) [potion of mutation]
 10303 | D:8      | Reached skill level 12 in Dodging
 11273 | D:9      | Reached *** piety under Dithmenos
 11319 | D:9      | Found Yzypp's Antique Weapon Shop.
 11364 | D:9      | Noticed an unseen horror
 11371 | D:9      | Killed an unseen horror
 11371 | D:9      | Reached skill level 10 in Stealth
 11597 | D:10     | Entered Level 10 of the Dungeon
 11725 | D:10     | Noticed EvilAshe's ghost (novice TrTm)
 11725 | D:10     | Reached XP level 10. HP: 47/47 MP: 11/11
 12070 | D:10     | Reached skill level 13 in Dodging
 12844 | D:11     | Noticed Maurice
 12845 | D:11     | Killed Maurice
 12989 | D:11     | Found a staircase to the Lair.
 13023 | D:11     | Reached **** piety under Dithmenos
 13223 | D:11     | Reached skill level 14 in Dodging
 13499 | D:11     | Reached XP level 11. HP: 28/52 MP: 12/12
 13614 | D:11     | Found a roughly hewn altar of Beogh.
 13880 | D:11     | Reached ***** piety under Dithmenos
 13958 | D:11     | Noticed a hill giant
 14078 | D:11     | Killed a hill giant
 14583 | Lair:1   | Entered Level 1 of the Lair of Beasts
 14684 | Lair:1   | Reached skill level 15 in Dodging
 16110 | Lair:2   | Found a snail-covered altar of Cheibriados.
 16152 | Lair:2   | Gained mutation: Your thick and shaggy fur keeps you warm. (AC +3, rC+) [Felid growth]
 16152 | Lair:2   | Reached XP level 12. HP: 57/57 MP: 13/13
 16360 | Lair:2   | Reached skill level 16 in Dodging
 17146 | Lair:3   | Found a staircase to the Snake Pit.
 17641 | Lair:3   | Reached skill level 10 in Unarmed Combat
 17838 | Lair:3   | Reached skill level 10 in Fighting
 18005 | Lair:3   | Reached skill level 17 in Dodging
 18382 | Lair:4   | Found a staircase to the Shoals.
 18438 | Lair:4   | Noticed a four-headed hydra
 18445 | Lair:4   | Killed a four-headed hydra
 19188 | Lair:4   | Reached XP level 13. HP: 62/62 MP: 14/14
 19855 | Lair:4   | Reached ****** piety under Dithmenos
 19950 | Lair:5   | Noticed Urug
 19957 | Lair:5   | Killed Urug
 20447 | Lair:5   | Reached skill level 18 in Dodging
 21348 | Lair:5   | Found a viscous altar of Jiyva.
 21348 | Lair:5   | Found a staircase to the Slime Pits.
 21668 | Lair:5   | Noticed Rupert
 21693 | Lair:5   | Mangled by Rupert
 21694 | Lair:5   | Reached XP level 12. HP: -7/60 MP: 13/13
 21721 | Lair:5   | Reached skill level 15 in Stealth
 21879 | Lair:6   | Entered Level 6 of the Lair of Beasts
 21882 | Lair:6   | Noticed a death yak
 21882 | Lair:6   | Noticed a death yak
 21908 | Lair:6   | Noticed a death yak
 21908 | Lair:6   | Noticed a death yak
 21910 | Lair:6   | Noticed a death yak
 21911 | Lair:6   | Killed a death yak
 21912 | Lair:6   | Noticed a death yak
 21912 | Lair:6   | Noticed a death yak
 21930 | Lair:6   | Killed a death yak
 21949 | Lair:6   | Killed a death yak
 21958 | Lair:6   | Killed a death yak
 21966 | Lair:6   | Killed a death yak
 22183 | Lair:6   | Reached XP level 13. HP: 44/63 MP: 14/14
 22519 | Lair:6   | Reached skill level 19 in Dodging
 23938 | Lair:6   | Mangled by a death yak
 23939 | Lair:6   | Reached XP level 12. HP: -7/60 MP: 13/13
 24054 | Lair:6   | Killed a death yak
 24063 | Lair:6   | Killed a death yak
 24076 | Lair:6   | Killed a death yak
 24086 | Lair:6   | Killed a death yak
 24621 | D:11     | Reached XP level 13. HP: 43/64 MP: 14/14
 24985 | D:12     | Reached skill level 20 in Dodging
 25093 | D:12     | Found a staircase to the Orcish Mines.
 25381 | D:12     | Found a blossoming altar of Fedhas.
 25622 | D:13     | Found a gate to the Vaults.
 25699 | D:13     | Slain by a vault guard

Skill      XL: |  1  2  3  4  5  6  7  8  9 10 11 12 13 |
---------------+----------------------------------------+-----
Stealth        | 3 4 6 7 8 10 11 12 16 | 16.2
Dodging        | 5 6 7 10 11 12 14 15 17 20 | 20.1
Fighting       | 4 5 6 7 8 9 10 12 | 12.2
Unarmed Combat | 4 5 6 7 8 9 10 12 | 12.1

Action                   |  1- 3 |  4- 6 |  7- 9 | 10-12 | 13-15 || total
-------------------------+-------+-------+-------+-------+-------++-------
Melee: Unarmed           |   164 |   210 |   929 |  1323 |   953 ||  3579
       Bite              |    16 |    26 |   101 |   174 |   116 ||   433
       Punch             |     3 |     6 |    18 |    62 |    51 ||   140
  Use: Scroll            |     1 |     2 |     8 |     6 |    10 ||    27
       Potion            |       |     4 |    13 |     8 |     7 ||    32
 Stab: Sleeping          |    12 |     7 |    37 |    84 |    35 ||   175
       Distracted        |     2 |     2 |     2 |    14 |     5 ||    25
  Eat: Chunk             |     9 |       |    17 |    28 |    10 ||    64
       Meat ration       |       |       |     1 |       |       ||     1
       Royal jelly       |       |       |       |     1 |       ||     1
Armor: Skin              |     4 |     8 |    54 |    20 |    58 ||   144
Dodge: Dodged            |   110 |   148 |   801 |  1141 |  1093 ||  3293
